 Dungeon Crawl Stone Soup version 0.28.0-53-g5a82cb258f (webtiles) character file.

Game seed: 11078849517832535707

7 DemonSlayer the Firebug (level 1, 0/13 HPs)
             Began as a Demonspawn Fire Elementalist on July 23, 2022.
             Slain by a giant cockroach (1 damage)
             ... on level 1 of the Dungeon.
             The game lasted 00:01:27 (601 turns).

DemonSlayer the Firebug (DsFE)                       Turns: 601, Time: 00:01:28

Health: 0/13       AC:  2    Str:  8    XL:     1   Next: 91%
Magic:  1/3        EV:  9    Int: 16    God:
Gold:   49         SH:  0    Dex: 13    Spells: 3/4 levels left

rFire   . . .      SeeInvis .   c - +0 short sword
rCold   . . .      Faith    .   (no shield)
rNeg    . . .      Spirit   .   a - +0 robe
rPois   .          Reflect  .   (no helmet)
rElec   .          Harm     .   (no cloak)
rCorr   .          Rampage  .   (no gloves)
Will    .....                   (no boots)
Stlth   +.........              (no amulet)
HPRegen 0.04/turn               (no ring)
MPRegen 0.08/turn               (no ring)

@: very slightly contaminated, constricted, very slow
A: no striking features
a: no special abilities


You were on level 1 of the Dungeon.
You visited 1 branch of the dungeon, and saw 1 of its levels.

You collected 49 gold pieces.

Inventory:

Hand Weapons
 c - a +0 short sword (weapon)
Armour
 a - a +0 robe (worn)
Potions
 b - a potion of curing {unknown}


   Skills:
 + Level 1.8 Dodging
 + Level 1.8 Stealth
 + Level 2.2 Spellcasting
 + Level 1.0 Conjurations
 + Level 2.9 Fire Magic


You had 3 spell levels left.
You knew the following spells:

 Your Spells              Type           Power      Damage    Failure   Level
a - Foxfire               Conj/Fire      32%        2x1d5     9%          1

Your spell library contained the following spells:

 Spells                   Type           Power      Damage    Failure   Level
 Scorch                   Fire           22%        2d6       9%          2
 Conjure Flame            Conj/Fire      8%         6-21      26%         3
 Inner Flame              Hex/Fire       6%         N/A       32%         3
 Flame Wave               Conj/Fire      8%         2d5       65%         4


Dungeon Overview and Level Annotations

Branches:
Dungeon (1/15)

Altars:


Message History

You escape the ball python's grasp.
Your magical contamination has completely faded away.
The ball python bites you. The ball python grabs you.
The ball python constricts you.
You escape the ball python's grasp.
You see here a bat corpse.
Things that are here:
a +0 short sword; a kobold corpse
c - a +0 short sword The ball python closely misses you. x2
c - a +0 short sword (weapon)
The ball python barely misses you. The ball python grabs you.
The ball python constricts you.
You escape the ball python's grasp.
Setting a skill training target for Short Blades at 12.0.
You open the door.
The ball python bites you but does no damage.
The ball python barely misses you. The ball python bites you.
The ball python misses you.
There is an open door here.
You enter the shallow water.
Moving in this stuff is going to be slow.
The ball python closely misses you. The ball python barely misses you.
The ball python bites you. The ball python barely misses you. x2
The ball python grabs you. The ball python constricts you.
You miscast Foxfire.
You are very lightly contaminated with residual magic.
Nothing appears to happen.
The ball python bites you. The ball python constricts you.
You are too injured to fight recklessly!
You are too injured to fight recklessly!
You escape the ball python's grasp.
The ball python bites you. The ball python grabs you.
The ball python constricts you. The giant cockroach closely misses you.
The ball python bites you.
* * * LOW HITPOINT WARNING * * *
The ball python constricts you.
Your unstable footing causes you to fumble your attack.
The ball python bites you but does no damage.
The giant cockroach bites you.
You die...

.(......†.......############..B..
..#####.........#.....######.##.#
..#...#..................B.......
..#.⌠.#.........#.....######..#..
..#...#.#########.....######..#..
..#####.# ######....†.B...#.#
........#######≈≈≈≈#...###†...#..
..............#≈≈B≈#...###....#
.........###..'≈@S≈'.#........#
.........# #.##≈≈S≈####.##...##
.........###.##≈≈≈≈# #.##...#
..#####.......###### #.######
..#...#.####.#.##... ...
..#.⌠.#.# #.#....# ### ..#...#.#
##....## ..#####.###......#
........#...##.#.#


You could see a giant cockroach and 2 ball pythons.

Vanquished Creatures
  An endoplasm (D:1)
  A giant cockroach (D:1)
  A hobgoblin (D:1)
  2 ball pythons (D:1)
  A bat (D:1)
  A kobold (D:1)
  A rat (D:1)
8 creatures vanquished.

Vanquished Creatures (others)
  33 foxfires (D:1)
33 creatures vanquished.

Grand Total: 41 creatures vanquished

Notes
Turn   | Place    | Note
-------+----------+-------------------------------------------
     0 | D:1      | DemonSlayer the Demonspawn Fire Elementalist began the
                  | quest for the Orb.
     0 | D:1      | Reached XP level 1. HP: 13/13 MP: 3/3
   601 | D:1      | Slain by a giant cockroach

Illustrated notes

Levels and vault maps discovered:
D:1:      minmay_arrival_glassed_features, layout_basic,
          chequers_serial_rivers_room_b

Action                   || total
-------------------------++-------
Melee: Unarmed           ||     9
       Short sword       ||     1
 Cast: Foxfire           ||    24
Armor: Robe              ||     4
Dodge: Dodged            ||    17
